[Event "ICC Open 2015"]
[Site "Internet Chess Club"]
[Date "2015.05.29"]
[Round "1"]
[White "blunder23"]
[Black "cheston99"]
[Result "0-1"]
[ICCResult "White resigns"]
[WhiteElo "1462"]
[BlackElo "2233"]
[Opening "Nimzo-Indian defense"]
[ECO "E20"]
[NIC "NI.30"]
[Time "14:02:21"]
[TimeControl "180+0"]

1. d4 Nf6 2. c4 e6 3. Nc3 Bb4 4. Bd2 O-O 5. a3 Bxc3 6. Bxc3 d5 7. e3 Ne4 8.
c5 Qh4 9. g3 Qe7 10. Bg2 Nxc3 11. bxc3 e5 12. Ne2 e4 13. O-O Bg4 14. f3 exf3
15. Bxf3 Qxe3+ 16. Kg2 Bxf3+ 17. Rxf3 Qe7 18. Nf4 c6 19. Qd2 Nd7 20. Re1 Qd8
21. Rfe3 Nf6 22. h3 Ne4 23. Qc1 Qd7 24. Rxe4 dxe4 25. Rxe4 Qd5 26. Nxd5 cxd5
27. Re5 Rfd8 28. Qg5 f6 29. Qg4 fxe5 30. dxe5 Re8 31. e6 Rac8 32. Qf5 Re7
33. Qxd5 Rce8 34. c6 bxc6 35. Qxc6 Rxe6 36. Qc7 Re2+ 37. Kf3 R2e3+ 38. Kg2
R3e7 39. Qc4+ Kh8 40. a4 Rd8 41. Qh4 Re2+ 42. Kf3 Red2 43. Ke4 Re2+ 44. Kf3
Red2 45. Ke4 R2d7 46. Qf4 Re8+ 47. Kf3 Kg8 48. Kf2 Rf7 49. Qxf7+ Kxf7 50.
Kf3 Rc8 {White resigns} 0-1

[Event "ICC Open 2015"]
[Site "Internet Chess Club"]
[Date "2015.05.29"]
[Round "1"]
[White "Babaliyev"]
[Black "Platyborg"]
[Result "0-1"]
[ICCResult "White checkmated"]
[WhiteElo "1901"]
[BlackElo "3096"]
[Opening "King's Indian, 3.Nf3"]
[ECO "E61"]
[NIC "QP.06"]
[Time "14:03:44"]
[TimeControl "180+0"]

1. d4 Nf6 2. Nf3 g6 3. c4 Bg7 4. Nc3 O-O 5. Bg5 c5 6. d5 d6 7. e4 b5 8. cxb5
a6 9. bxa6 Qa5 10. Be2 Nxe4 11. Bd2 Nxc3 12. bxc3 Bxc3 13. O-O Bxd2 14. Nxd2
Bxa6 15. Rb1 Nd7 16. Nc4 Bxc4 17. Bxc4 Ne5 18. Qc2 Qa4 19. Bb3 Qh4 20. f4
Ng4 21. g3 Qf6 22. Qe2 Qd4+ 23. Kh1 Ne3 24. Rf3 Nf5 25. Rd1 Qf6 26. Re3 Nxe3
27. Qxe3 Rfc8 28. Bc4 Ra4 29. Bb5 Rxa2 30. Bc6 Qf5 31. Re1 Qh5 32. h4 Qg4
33. Qb3 Qh3+ 34. Kg1 Qg2# {White checkmated} 0-1

[Event "ICC Open 2015"]
[Site "Internet Chess Club"]
[Date "2015.05.29"]
[Round "1"]
[White "BigSerge"]
[Black "depressnyak"]
[Result "0-1"]
[ICCResult "White resigns"]
[WhiteElo "1985"]
[BlackElo "3315"]
[Opening "Sicilian: Smith-Morra gambit"]
[ECO "B21"]
[NIC "SI.47"]
[Time "14:03:27"]
[TimeControl "180+0"]

1. e4 c5 2. d4 cxd4 3. c3 Nf6 4. e5 Nd5 5. cxd4 d6 6. Nf3 Nc6 7. exd6 Qxd6
8. Nc3 g6 9. Be2 Bg7 10. h3 O-O 11. O-O Bf5 12. Be3 Rfd8 13. Qd2 Rac8 14.
Rfd1 Na5 15. Nb5 Qb6 16. Rac1 a6 17. Rxc8 Rxc8 18. Nc3 Nxc3 19. bxc3 Nc4 20.
Qc1 Qa5 21. Bh6 Qxa2 22. Bxg7 Kxg7 23. Bxc4 Qxc4 24. g4 Be6 25. Ng5 h6 26.
Ne4 b6 27. Qe3 Bd5 28. Ng3 Qc7 29. Rc1 b5 30. f4 Qd6 31. f5 b4 32. fxg6 fxg6
33. cxb4 Rxc1+ {White resigns} 0-1

[Event "ICC Open 2015"]
[Site "Internet Chess Club"]
[Date "2015.05.29"]
[Round "1"]
[White "FHNA"]
[Black "born2die"]
[Result "1-0"]
[ICCResult "Black forfeits on time"]
[WhiteElo "2577"]
[BlackElo "1733"]
[Opening "Scandinavian (center counter) defense"]
[ECO "B01"]
[NIC "SD.01"]
[Time "14:02:18"]
[TimeControl "180+0"]

1. e4 d5 2. exd5 Qxd5 3. Nc3 Qa5 4. d4 c6 5. Bc4 Nf6 6. Nf3 Bg4 7. h3 Bh5 8.
g4 Bg6 9. Bd2 e6 10. Ne5 Bb4 11. a3 Bxc3 12. Bxc3 Qc7 13. Qe2 Nbd7 14. O-O-O
Ne4 15. Nxg6 Nxc3 16. Qf3 hxg6 17. Qxc3 Qf4+ 18. Qe3 g5 19. Qxf4 gxf4 20.
Bf1 Ke7 21. Bg2 g5 22. Rhe1 Rad8 23. c3 Nf6 24. Kc2 Nd5 25. Rd3 Rd6 26. Re5
f6 27. Re1 Kf7 28. c4 Ne7 29. Kc3 Rhd8 30. Red1 f5 31. Bf3 Ng6 32. c5 R6d7
33. gxf5 exf5 34. Kc4 b5+ 35. Kc3 Rc7 36. R3d2 Nh4 37. Be2 Re7 38. b3 Kf6
39. a4 a6 40. axb5 axb5 41. Bf1 g4 42. Rd3 Nf3 43. d5 cxd5 44. Rxd5 Rxd5 45.
Rxd5 g3 46. fxg3 fxg3 47. Rd3 f4 48. Rxf3 Re5 49. Kd4 Rf5 50. c6 Ke7 51. c7
Kd7 52. Ke4 Rf8 53. Rxf4 {Black forfeits on time} 1-0

[Event "ICC Open 2015"]
[Site "Internet Chess Club"]
[Date "2015.05.29"]
[Round "1"]
[White "livis"]
[Black "muisback"]
[Result "0-1"]
[ICCResult "White resigns"]
[WhiteElo "1908"]
[BlackElo "3113"]
[Opening "Sicilian: Smith-Morra gambit"]
[ECO "B21"]
[NIC "SI.48"]
[Time "14:03:31"]
[TimeControl "180+0"]

1. e4 c5 2. d4 cxd4 3. Bd3 Nc6 4. f4 g6 5. Nf3 Bg7 6. a3 d6 7. O-O Nf6 8. b4
a6 9. Qe2 O-O 10. Nbd2 Ng4 11. Re1 e5 12. Nf1 exf4 13. Bxf4 Nge5 14. Nxe5
dxe5 15. Bd2 Be6 16. Ng3 Rc8 17. Rf1 Ne7 18. Rf2 Qd7 19. Raf1 f6 20. h4 h5
21. Nxh5 gxh5 22. Qf3 Bg4 23. Qg3 Ng6 24. Rf5 Ne7 25. R5f2 Qe6 26. Bc1 b5
27. Rf3 Rc3 28. R3f2 Rfc8 29. Bd2 Rxc2 30. Bxc2 Rxc2 31. Bc1 Rxf2 32. Rxf2
f5 33. exf5 Nxf5 34. Qd3 e4 35. Qc2 e3 36. Rf1 e2 37. Re1 Qc4 38. Qe4 d3 39.
Qe8+ Kh7 40. Bd2 Qd4+ 41. Kh1 Qf2 42. Qe4 Qxh4+ 43. Kg1 Bd4+ {White resigns}
0-1

[Event "ICC Open 2015"]
[Site "Internet Chess Club"]
[Date "2015.05.29"]
[Round "1"]
[White "holderlin"]
[Black "maki89"]
[Result "0-1"]
[ICCResult "White forfeits on time"]
[WhiteElo "1623"]
[BlackElo "2393"]
[Opening "Alekhine's defense: exchange variation"]
[ECO "B03"]
[NIC "AL.08"]
[Time "14:02:25"]
[TimeControl "180+0"]

1. e4 Nf6 2. e5 Nd5 3. d4 d6 4. c4 Nb6 5. exd6 cxd6 6. Nc3 g6 7. Nf3 Bg7 8.
Be3 O-O 9. Rc1 Nc6 10. b3 Bg4 11. Be2 f5 12. d5 Bxf3 13. Bxf3 Ne5 14. Be2 f4
15. Bd4 f3 16. Bf1 Qd7 17. g3 g5 18. h4 g4 19. Ne4 h6 20. c5 dxc5 21. Nxc5
Qxd5 22. Bc4 Nexc4 23. bxc4 Qxd4 24. Kf1 Qxd1+ 25. Rxd1 Nxc4 26. Ne6 Rf6 27.
Rc1 Rxe6 28. Kg1 Rd8 29. Kh2 Rd2 30. Rhf1 Ne3 {White forfeits on time} 0-1

[Event "ICC Open 2015"]
[Site "Internet Chess Club"]
[Date "2015.05.29"]
[Round "1"]
[White "Cinzento"]
[Black "Discoverchess"]
[Result "0-1"]
[ICCResult "White resigns"]
[WhiteElo "1695"]
[BlackElo "2470"]
[Opening "French: King's Indian attack"]
[ECO "C00"]
[NIC "FR.02"]
[Time "14:03:36"]
[TimeControl "180+0"]

1. e4 e6 2. d3 d5 3. Nd2 Nf6 4. Ngf3 c5 5. g3 Nc6 6. Bg2 Be7 7. O-O O-O 8.
e5 Nd7 9. Re1 Qc7 10. Qe2 f6 11. exf6 Nxf6 12. Ng5 e5 13. Ndf3 Bd6 14. Nd2
Nd4 15. Qd1 Bg4 16. f3 Bh5 17. c3 Nc6 18. Ne6 Qf7 19. Nxf8 Rxf8 20. Rf1 Bg6
21. Qe2 Re8 22. Qf2 Bxd3 23. Re1 c4 24. b4 Rf8 25. Nf1 a5 26. Qb2 axb4 27.
cxb4 Bxb4 28. Bd2 Bc5+ 29. Kh1 d4 30. Bg5 c3 31. Qc1 Nd5 32. Rd1 Be2 33. Re1
d3 {White resigns} 0-1

[Event "ICC Open 2015"]
[Site "Internet Chess Club"]
[Date "2015.05.29"]
[Round "1"]
[White "Jack-Daniels"]
[Black "JCarllsen"]
[Result "1-0"]
[ICCResult "Black checkmated"]
[WhiteElo "2803"]
[BlackElo "1807"]
[Opening "Caro-Kann: classical, Spassky variation"]
[ECO "B18"]
[NIC "CK.12"]
[Time "14:03:33"]
[TimeControl "180+0"]

1. e4 c6 2. d4 d5 3. Nc3 dxe4 4. Nxe4 Bf5 5. Ng3 Bg6 6. Nf3 Nd7 7. h4 h6 8.
h5 Bh7 9. Bd3 Bxd3 10. Qxd3 e6 11. Bd2 Ngf6 12. O-O-O Be7 13. Kb1 Qc7 14.
Ne4 Rd8 15. Nxf6+ Nxf6 16. Qe2 b5 17. g4 Rd5 18. Rhg1 Nd7 19. Be3 a6 20. Nd2
c5 21. dxc5 Bxc5 22. Ne4 Rxd1+ 23. Rxd1 Bxe3 24. Nd6+ Ke7 25. Qxe3 Rd8 26.
g5 Nc5 27. Nf5+ Kf8 28. Rxd8+ Qxd8 29. Qxc5+ Kg8 30. Ne3 Qxg5 31. Qxg5 hxg5
32. a4 f5 33. axb5 axb5 34. c4 bxc4 35. Nxc4 g4 36. Ne3 Kf7 37. b4 Ke7 38.
Kc2 Kd6 39. Kc3 Kc6 40. Kc4 Kb6 41. Kd4 Kb5 42. Ke5 Kxb4 43. Kxe6 Kc3 44.
Kxf5 Kd3 45. Nxg4 Ke2 46. f4 Kf3 47. Ne5+ Kg3 48. Ng6 Kf3 49. Kg5 Ke4 50. f5
Kd5 51. f6 Ke6 52. fxg7 Kf7 53. h6 Kg8 54. Ne7+ Kh7 55. g8=Q# {Black
checkmated} 1-0

[Event "ICC Open 2015"]
[Site "Internet Chess Club"]
[Date "2015.05.29"]
[Round "1"]
[White "mvillalba"]
[Black "SirHarmony"]
[Result "1-0"]
[ICCResult "Black forfeits on time"]
[WhiteElo "2104"]
[BlackElo "1556"]
[Opening "QP counter-gambit (elephant gambit)"]
[ECO "C40"]
[NIC "KP.10"]
[Time "14:03:25"]
[TimeControl "180+0"]

1. e4 e5 2. Nf3 d5 3. Nxe5 Bd6 4. d4 dxe4 5. Qh5 Qe7 6. Bc4 Be6 7. Bxe6 Qxe6
8. Nc3 Nf6 9. Qg5 Nc6 10. Nxc6 bxc6 11. O-O O-O 12. Re1 Rfe8 13. Bd2 Qg4 14.
Qxg4 Nxg4 15. h3 Nf6 16. Bg5 Bb4 17. Bxf6 Bxc3 18. bxc3 gxf6 19. Rab1 Rab8
20. Rb3 Rxb3 21. axb3 f5 22. g3 Rb8 23. Ra1 Rb7 24. Ra6 Kf8 25. Rxc6 Ke7 26.
Kf1 Kd7 27. Rf6 Ke7 28. Rxf5 Rb6 29. Ra5 a6 30. Ke2 Ke6 31. Ke3 f5 32. g4
fxg4 33. hxg4 Rc6 34. c4 Kd7 35. d5 Rg6 36. Kf4 Rf6+ 37. Kxe4 Rxf2 38. Rxa6
Rxc2 39. Rh6 Rg2 40. Rxh7+ Kd6 41. Rh6+ Kd7 42. Kd4 Rxg4+ 43. Kc5 Rg7 44. b4
Rg4 45. b5 Rg7 46. Rf6 {Black forfeits on time} 1-0

[Event "ICC Open 2015"]
[Site "Internet Chess Club"]
[Date "2015.05.29"]
[Round "1"]
[White "Andrei21"]
[Black "iragefree"]
[Result "1-0"]
[ICCResult "Black resigns"]
[WhiteElo "3006"]
[BlackElo "1877"]
[Opening "Queen's pawn game"]
[ECO "A46"]
[NIC "QP.06"]
[Time "14:02:45"]
[TimeControl "180+0"]

1. d4 Nf6 2. Nf3 c5 3. g3 g6 4. Bg2 Bg7 5. O-O O-O 6. c4 Nc6 7. d5 Na5 8.
Nfd2 d6 9. Nc3 a6 10. a3 b6 11. Qc2 Rb8 12. b4 Nb7 13. Bb2 Bh6 14. e3 e5 15.
Rab1 Bf5 16. e4 Bg4 17. h3 Bd7 18. Kh2 a5 19. bxa5 Nxa5 20. f4 b5 21. Nxb5
Bxb5 22. cxb5 Rxb5 23. fxe5 dxe5 24. Bxe5 Nd7 25. Rxb5 Nxe5 26. Rxc5 Nb7 27.
Rc3 Nd6 28. Nf3 Qe7 29. Rc7 Nxf3+ 30. Rxf3 Qe5 31. Rf2 Be3 32. Re2 Bb6 33.
Rc6 Ba7 34. Qc3 Bd4 35. Qf3 f5 36. exf5 Rxf5 37. Rxe5 Rxf3 38. Bxf3 Bxe5 39.
a4 Nb7 40. Rb6 Na5 41. Rb5 Nc4 42. a5 Kf7 43. a6 Nd6 44. a7 Nxb5 45. a8=Q
Nd4 46. Qb7+ Kf6 47. Bg2 h5 48. h4 Kf5 49. d6 {Black resigns} 1-0

[Event "ICC Open 2015"]
[Site "Internet Chess Club"]
[Date "2015.05.29"]
[Round "1"]
[White "PADILLON2189"]
[Black "savlanut"]
[Result "1-0"]
[ICCResult "Black forfeits on time"]
[WhiteElo "1994"]
[BlackElo "1142"]
[Opening "QGD: Neo-orthodox variation, 7.Bh4"]
[ECO "D56"]
[NIC "QI.01"]
[Time "14:02:38"]
[TimeControl "180+0"]

1. d4 Nf6 2. c4 e6 3. Nf3 Be7 4. Nc3 d5 5. Bg5 h6 6. Bh4 O-O 7. e3 c6 8. Qc2
Nbd7 9. Bd3 b6 10. O-O dxc4 11. Bxc4 Nd5 12. Bg3 N7f6 13. a3 Bd6 14. Ne5 Bb7
15. b4 b5 16. Be2 a5 17. Nxd5 cxd5 18. Nd3 Bxg3 19. hxg3 Ne4 20. Nc5 Qc8 21.
Bxb5 axb4 22. axb4 Rxa1 23. Rxa1 Bc6 24. Bd3 f5 25. b5 Bd7 26. Ra7 Rf7 27.
b6 Bc6 28. Bxe4 fxe4 29. Rxf7 Kxf7 30. Qb3 Bb7 31. Qb5 Bc6 32. b7
{Black forfeits on time}
1-0

[Event "ICC Open 2015"]
[Site "Internet Chess Club"]
[Date "2015.05.29"]
[Round "1"]
[White "Zablotsky"]
[Black "PITCHUS"]
[Result "1-0"]
[ICCResult "Black forfeits on time"]
[WhiteElo "2815"]
[BlackElo "1817"]
[Opening "Caro-Kann: two knights variation"]
[ECO "A04"]
[NIC "QP.11"]
[Time "14:02:58"]
[TimeControl "180+0"]

1. Nf3 c6 2. e4 d5 3. Nc3 dxe4 4. Nxe4 Nf6 5. Nxf6+ exf6 6. d4 Bd6 7. Bc4
O-O 8. O-O Bg4 9. h3 Bh5 10. Qd3 Bc7 11. Re1 Qd6 12. a4 Nd7 13. c3 Bxf3 14.
Qxf3 Qh2+ 15. Kf1 Rae8 16. Bxf7+ Kxf7 17. Qh5+ Kg8 18. Rxe8 Qh1+ 19. Ke2
Qxg2 20. Be3 g6 21. Rxf8+ Nxf8 22. Qg4 Qd5 23. Qc8 Bb6 24. Kd3 Qb3 25. Bh6
Qf7 26. Qxf8+ Qxf8 27. Bxf8 Kxf8 28. a5 Bc7 29. a6 b6 30. Re1 Kf7 31. c4 h5
32. f3 g5 33. d5 cxd5 34. cxd5 Be5 35. b3 Ke7 36. Ke4 Kd6 37. Rc1 Bb2 38.
Rc6+ {Black forfeits on time} 1-0

[Event "ICC Open 2015"]
[Site "Internet Chess Club"]
[Date "2015.05.29"]
[Round "1"]
[White "Pkopsa"]
[Black "BlackHorse97"]
[Result "0-1"]
[ICCResult "White checkmated"]
[WhiteElo "1630"]
[BlackElo "2370"]
[Opening "King's Indian: fianchetto without c4"]
[ECO "A49"]
[NIC "QP.06"]
[Time "14:03:23"]
[TimeControl "180+0"]

1. d4 Nf6 2. Nf3 g6 3. g3 Bg7 4. c4 O-O 5. Bg2 c5 6. O-O cxd4 7. Qxd4 Nc6 8.
Qd3 d6 9. Nc3 Bf5 10. e4 Bg4 11. Bd2 Nd7 12. b3 Nc5 13. Qe3 Nb4 14. Ne1 a5
15. h3 Bd7 16. a3 Nxb3 17. Rb1 Nxd2 18. Qxd2 Na6 19. Rxb7 Nc5 20. Rb1 Bc6
21. Nd5 e6 22. Nc3 Bxc3 23. Qxc3 Bxe4 24. Rd1 Bxg2 25. Nxg2 Qc7 26. Qd4 Rad8
27. Ne3 f5 28. f4 Ne4 29. Kh2 Qc5 30. Qd3 Rb8 31. g4 Rb2+ 32. Kh1 Ng3+ 33.
Kg1 Nxf1 34. Rxf1 Rfb8 35. gxf5 R8b3 36. Qd1 Qxe3+ 37. Kh1 Qxh3+ 38. Kg1
Qg2# {White checkmated} 0-1

[Event "ICC Open 2015"]
[Site "Internet Chess Club"]
[Date "2015.05.29"]
[Round "1"]
[White "HPG1947"]
[Black "Kempka"]
[Result "0-1"]
[ICCResult "White resigns"]
[WhiteElo "1814"]
[BlackElo "2813"]
[Opening "Mieses opening"]
[ECO "A00"]
[NIC "KP.07"]
[Time "14:04:16"]
[TimeControl "180+0"]

1. d3 e5 2. Nf3 Nc6 3. e4 Nf6 4. Be2 Bc5 5. O-O O-O 6. c3 d6 7. b4 Bb6 8. a4
a5 9. b5 Ne7 10. Be3 Ng6 11. Bxb6 cxb6 12. c4 Nf4 13. Ne1 Be6 14. Nc3 Nd7
15. Bg4 Qg5 16. Bxe6 fxe6 17. Kh1 Nc5 18. g3 Nh3 19. f3 Qe3 20. Qc1 Nf2+ 21.
Kg2 Qxc1 22. Rxc1 Nfxd3 23. Nxd3 Nxd3 24. Rcd1 Nb2 25. Rxd6 Nxc4 26. Rxe6
Ne3+ 27. Kg1 Nxf1 {White resigns} 0-1

[Event "ICC Open 2015"]
[Site "Internet Chess Club"]
[Date "2015.05.29"]
[Round "1"]
[White "CavacoSilva1939"]
[Black "carlito78"]
[Result "1-0"]
[ICCResult "Black checkmated"]
[WhiteElo "2324"]
[BlackElo "1565"]
[Opening "Blackmar-Diemer: Euwe defense"]
[ECO "D00"]
[NIC "QP.08"]
[Time "14:03:19"]
[TimeControl "180+0"]

1. d4 d5 2. e4 dxe4 3. Nc3 Nf6 4. f3 exf3 5. Nxf3 e6 6. Bd3 Bd6 7. O-O b6 8.
Bg5 Nbd7 9. Ne4 Be7 10. Qe1 h6 11. Qh4 Bb7 12. Nxf6+ Bxf6 13. Bxf6 Qxf6 14.
Qg3 Bxf3 15. Rxf3 Qxd4+ 16. Kh1 O-O 17. c3 Qe5 18. Qh4 Qg5 19. Qe4 Nf6 20.
Rxf6 g6 21. Raf1 Rad8 22. Qf3 Rd7 23. Rxg6+ fxg6 24. Qxf8+ Kh7 25. Qe8 Rg7
26. h3 Qe5 27. Rf8 Qe1+ 28. Kh2 Qe5+ 29. g3 Re7 30. Qxg6# {Black checkmated}
1-0

[Event "ICC Open 2015"]
[Site "Internet Chess Club"]
[Date "2015.05.29"]
[Round "1"]
[White "Danya"]
[Black "Otho"]
[Result "1-0"]
[ICCResult "Black resigns"]
[WhiteElo "3072"]
[BlackElo "1899"]
[Opening "QGD: exchange, positional line"]
[ECO "D35"]
[NIC "QO.16"]
[Time "14:03:17"]
[TimeControl "180+0"]

1. d4 d5 2. c4 e6 3. Nc3 Nf6 4. cxd5 exd5 5. Bg5 Be7 6. e3 h6 7. Bh4 b6 8.
Bd3 O-O 9. Nf3 Bb7 10. O-O Ne4 11. Bxe7 Qxe7 12. Qc2 Nd7 13. Rac1 c5 14.
dxc5 bxc5 15. Rfd1 Ndf6 16. Ne2 Rac8 17. Ng3 Rfe8 18. b3 c4 19. bxc4 dxc4
20. Bxc4 Nxf2 21. Qxf2 Ng4 22. Qe2 Nxe3 23. Re1 Qb4 24. Bd3 Rxc1 25. Rxc1
Qb6 26. Qf2 Bxf3 27. gxf3 Rd8 28. Be4 f5 29. Nxf5 Qg6+ 30. Qg3 Qxg3+ 31.
hxg3 Nxf5 32. Bxf5 Rd2 33. Rc7 {Black resigns} 1-0

[Event "ICC Open 2015"]
[Site "Internet Chess Club"]
[Date "2015.05.29"]
[Round "1"]
[White "RiFlex01"]
[Black "Federicov"]
[Result "0-1"]
[ICCResult "White resigns"]
[WhiteElo "2069"]
[BlackElo "3213"]
[Opening "Sicilian: Canal-Sokolsky (Nimzovich-Rossolimo, Moscow) attack"]
[ECO "B51"]
[NIC "SI.01"]
[Time "14:03:43"]
[TimeControl "180+0"]

1. e4 c5 2. Nf3 d6 3. Bb5+ Nd7 4. O-O a6 5. Bd3 Ngf6 6. c3 b6 7. Re1 Bb7 8.
Bc2 e5 9. d4 Be7 10. Nbd2 O-O 11. Nf1 Re8 12. Ng3 Bf8 13. Bg5 h6 14. Be3
exd4 15. cxd4 Nxe4 16. Nf5 Ndf6 17. Nd2 Qd7 18. Nxe4 Bxe4 19. Ng3 Bxc2 20.
Qxc2 Ng4 21. Bf4 Rxe1+ 22. Rxe1 Re8 23. Rxe8 Qxe8 24. h3 Qe1+ 25. Nf1 Nf6
26. Bd2 Qe4 27. Qa4 Qb7 28. Bc3 b5 29. Qc2 b4 30. Bd2 Qe4 31. Qxe4 Nxe4 32.
Be3 c4 33. f3 Nf6 34. Nd2 d5 35. Bf4 a5 36. Be5 Nd7 37. Bc7 a4 38. Ba5 f6
39. Nb1 Kf7 40. a3 bxa3 41. bxa3 Nb8 42. Nc3 Ke6 43. Nb5 Nc6 44. Bb6 Bd6 45.
Kf2 Ne7 46. Ke3 Kd7 47. Ba5 Kc6 48. Nc3 Bxa3 49. Bd8 Nf5+ 50. Kd2 Nxd4 51.
Nb1 Bb4+ 52. Kc1 Ne6 {White resigns} 0-1

[Event "ICC Open 2015"]
[Site "Internet Chess Club"]
[Date "2015.05.29"]
[Round "1"]
[White "kevinice"]
[Black "Volkov"]
[Result "0-1"]
[ICCResult "White resigns"]
[WhiteElo "1879"]
[BlackElo "3012"]
[Opening "QGD Slav defense: exchange variation"]
[ECO "D10"]
[NIC "SL.01"]
[Time "14:03:15"]
[TimeControl "180+0"]

1. d4 d5 2. c4 c6 3. cxd5 cxd5 4. Bf4 Nc6 5. Nc3 e5 6. Bxe5 Nxe5 7. dxe5 d4
8. Ne4 Qa5+ 9. Nd2 Ne7 10. Nf3 Nc6 11. g3 Be6 12. Bg2 Bb4 13. O-O O-O 14. a3
Bxd2 15. Qxd2 Qxd2 16. Nxd2 Nxe5 17. b4 Rac8 18. Bxb7 Rc2 19. Rfd1 Rd8 20.
Be4 Rc3 21. Nf3 f5 22. Nxe5 fxe4 23. a4 g5 24. b5 Bb3 25. Rd2 Re8 26. Nc6 e3
27. fxe3 dxe3 28. Rd7 Rc2 29. Rxa7 Rxe2 30. b6 Bd5 31. Rc7 Rg2+ 32. Kf1 e2+
33. Ke1 Rg1+ 34. Kd2 Rxa1 35. b7 e1=Q+ 36. Kd3 Qe3+ {White resigns} 0-1

[Event "ICC Open 2015"]
[Site "Internet Chess Club"]
[Date "2015.05.29"]
[Round "1"]
[White "cap78red"]
[Black "chessrex"]
[Result "0-1"]
[ICCResult "White checkmated"]
[WhiteElo "1363"]
[BlackElo "2075"]
[Opening "English opening"]
[ECO "A10"]
[NIC "EO.64"]
[Time "14:02:56"]
[TimeControl "180+0"]

1. c4 g5 2. Nc3 h6 3. d3 Bg7 4. e4 Nc6 5. f4 e5 6. fxg5 hxg5 7. Nf3 g4 8.
Ng5 f6 9. Qxg4 fxg5 10. Bxg5 Bf6 11. Bxf6 Qxf6 12. O-O-O d6 13. Qg3 Be6 14.
Nd5 Qf7 15. Be2 Bxd5 16. exd5 Nd4 17. Bg4 Nf6 18. Rhf1 Rg8 19. Rxf6 Qxf6 20.
Bh5+ Ke7 21. Qh3 Rh8 22. g4 Qg5+ 23. Kb1 Raf8 24. Qg2 Rxh5 25. Rf1 Rxf1+ 26.
Qxf1 Rh7 27. h3 Rf7 28. Qg2 Qf4 29. a3 Qf1+ 30. Qxf1 Rxf1+ 31. Ka2 Rf3 32.
g5 Rxh3 33. g6 Rxd3 34. g7 Rg3 35. b4 Rxg7 36. c5 Rg2+ 37. Ka1 e4 38. Kb1 e3
39. Kc1 Rc2+ 40. Kd1 e2+ 41. Ke1 Rc1+ 42. Kf2 e1=Q+ 43. Kg2 Rc2+ 44. Kh3
Qh1+ 45. Kg3 Rg2+ 46. Kf4 Qf1+ 47. Ke3 Nf5+ 48. Ke4 Re2+ 49. Kd3 Qd1+ 50.
Kc3 Rc2+ 51. Kb3 Qb1+ 52. Ka4 dxc5 53. bxc5 Rc4+ 54. Ka5 b6+ 55. Ka6 Rxc5
56. a4 b5 57. a5 b4 58. d6+ cxd6 59. Kxa7 b3 60. a6 Qd3 61. Ka8 Rb5 62. a7
Qd5# {White checkmated} 0-1

[Event "ICC Open 2015"]
[Site "Internet Chess Club"]
[Date "2015.05.29"]
[Round "1"]
[White "KingGambits"]
[Black "akibael"]
[Result "0-1"]
[ICCResult "White forfeits on time"]
[WhiteElo "1631"]
[BlackElo "2413"]
[Opening "Neo-Grünfeld defense"]
[ECO "D70"]
[NIC "QP.09"]
[Time "14:03:03"]
[TimeControl "180+0"]

1. Nf3 d5 2. d4 Nf6 3. c4 g6 4. cxd5 Nxd5 5. e4 Nb6 6. Nc3 Bg7 7. Be3 O-O 8.
Be2 Bg4 9. d5 c6 10. O-O cxd5 11. Bxb6 Qxb6 12. Nxd5 Qd8 13. Qb3 b6 14. Rfd1
Nd7 15. Rac1 Be6 16. Qa3 Bxd5 17. Rxd5 Qe8 18. Rc7 Nc5 19. Rxa7 Nxe4 20.
Rxa8 Qxa8 21. Qxa8 Rxa8 22. Nd2 Nxd2 23. Rxd2 Rxa2 24. h3 Rxb2 25. Rxb2 Bxb2
26. Bb5 e6 27. f3 Kf8 28. Kf2 Ke7 29. Ke3 e5 30. Ke4 Kd6 31. f4 f5+ 32. Kf3
e4+ 33. Ke2 Bc1 34. g3 Kc5 35. Bd7 b5 36. Be6 h6 37. Bf7 g5 38. fxg5 hxg5
39. Bg6 Kd4 40. Bxf5 b4 41. h4 gxh4 42. gxh4 b3 43. Kd1 Bh6 44. Bg4 Kd3 45.
Be2+ Kc3 46. Bb5 b2 47. Ke2 b1=Q {White forfeits on time} 0-1

[Event "ICC Open 2015"]
[Site "Internet Chess Club"]
[Date "2015.05.29"]
[Round "1"]
[White "capaldi"]
[Black "Inmune"]
[Result "0-1"]
[ICCResult "White forfeits on time"]
[WhiteElo "1867"]
[BlackElo "2954"]
[Opening "Sicilian: closed, 2...Nc6"]
[ECO "B23"]
[NIC "SI.44"]
[Time "14:03:22"]
[TimeControl "180+0"]

1. e4 c5 2. Nc3 Nc6 3. Bb5 e6 4. Bxc6 bxc6 5. f4 d5 6. d3 Nf6 7. e5 Nd7 8.
Nf3 Be7 9. O-O O-O 10. Qe1 c4 11. dxc4 Ba6 12. Qg3 g6 13. f5 exf5 14. Nd4
Bc5 15. Be3 Re8 16. Rxf5 Bxc4 17. b3 Ba6 18. Kh1 Qc7 19. Rxf7 Qxe5 20. Rxd7
Qxe3 21. Qh4 h5 22. Nf5 gxf5 {White forfeits on time} 0-1

[Event "ICC Open 2015"]
[Site "Internet Chess Club"]
[Date "2015.05.29"]
[Round "1"]
[White "paraguayo"]
[Black "TasteOflover"]
[Result "0-1"]
[ICCResult "White forfeits on time"]
[WhiteElo "1799"]
[BlackElo "2743"]
[Opening "French: Tarrasch, Guimard variation"]
[ECO "C04"]
[NIC "FR.15"]
[Time "14:02:40"]
[TimeControl "180+0"]

1. e4 e6 2. d4 d5 3. Nd2 Nc6 4. c3 e5 5. exd5 Qxd5 6. Bc4 Qxg2 7. Qf3 Qxf3
8. Ndxf3 exd4 9. cxd4 Nf6 10. Be3 Bb4+ 11. Kf1 O-O 12. Ne2 Bd6 13. Rg1 Bh3+
14. Ke1 Rfe8 15. Kd1 Bg4 16. Nd2 Rad8 17. h3 Bh5 18. a3 a6 19. Kc2 Bg6+ 20.
Kb3 Na5+ 21. Ka2 Nxc4 22. Nxc4 Bd3 23. Nxd6 Rxd6 24. Nf4 Be4 25. Rac1 c6 26.
Rg3 g6 27. Rcg1 Bd5+ 28. Kb1 Ne4 29. R3g2 Be6 30. h4 Bf5 31. Ka1 Nf6 32. h5
a5 33. hxg6 fxg6 34. Rh2 Kf7 35. Rgh1 h5 36. Rg1 Ng4 37. Rhg2 Nxe3 38. fxe3
Rxe3 39. d5 cxd5 40. Ne2 d4 41. Nf4 d3 42. Rd2 b5 43. Rf1 Kf6 44. Rfd1 b4
45. Rf1 b3 46. Kb1 a4 47. Kc1 Ke5 48. Kd1 Bg4+ 49. Kc1 Rc6+ 50. Kb1 Bf5 51.
Ng2 Re2 52. Rxe2+ dxe2+ {White forfeits on time} 0-1

[Event "ICC Open 2015"]
[Site "Internet Chess Club"]
[Date "2015.05.29"]
[Round "1"]
[White "EirikG"]
[Black "Qualm"]
[Result "1-0"]
[ICCResult "Black resigns"]
[WhiteElo "2546"]
[BlackElo "1711"]
[Opening "QGD Slav: 4.e3"]
[ECO "D11"]
[NIC "SL.01"]
[Time "14:03:10"]
[TimeControl "180+0"]

1. d4 d5 2. c4 c6 3. Nf3 Nf6 4. e3 g6 5. Nc3 Bg7 6. Bd3 O-O 7. O-O Nbd7 8.
b3 Re8 9. Bb2 e5 10. Nxe5 Nxe5 11. dxe5 Ng4 12. cxd5 Qh4 13. h3 Nxe5 14.
dxc6 Nxc6 15. Be2 Be6 16. Bf3 Rad8 17. Qe2 Bc8 18. Rfd1 Nd4 19. Rxd4 Bxd4
20. Rd1 Bg7 21. Rxd8 Rxd8 22. Qb5 Qe7 23. Nd5 Qd7 24. Qe2 Bxb2 25. Qxb2 b6
26. Nf6+ {Black resigns} 1-0